[Event "Titled Tuesday Blitz July 05 Late 2022"]
[White "Dilanyan, Grigor"]
[Black "He, Anthony"]
[WhiteFideId "13303570"]
[BlackFideId "2088215"]
[WhiteElo "2279"]
[BlackElo "2409"]
[Result "0-1"]
[Round "08"]
[TimeControl "180+1"]
[Date "2022.07.05"]
[WhiteClock "0:00:06"]
[BlackClock "0:01:31"]

1. d4 b5 2. e4 Bb7 3. Nd2 a6 4. Ngf3 Nf6 5. Bd3 e6 6. O-O c5 7. c3 d5 8. e5 Nfd7 9. Re1 Nc6 10. Nf1 Be7 11. Ng3 g5 12. Nh5 cxd4 13. cxd4 g4 14. Ng7+ Kf8 15. Bh6 Kg8 16. Nd2 Nf8 17. Qxg4 Ng6 18. Nxe6 Qe8 19. Nf4 Nxd4 20. e6 Bc8 21. Nxg6 hxg6 22. Qxd4 Rxh6 23. exf7+ Qxf7 24. Rxe7 Qxe7 25. Qxd5+ Kg7 26. Qxa8 Qd6 27. Qe4 Qxh2+ 28. Kf1 Qh1+ 29. Ke2 Qxa1 30. Qe7+ Kg8 31. Qe8+ Kg7 32. Qxc8 Qxb2 33. Qd7+ Kh8 34. Qe8+ Kh7 35. Qe7+ Qg7 36. Qg5 Qf7 37. Ne4 Kg7 38. Qe5+ Kf8 39. Qd6+ Qe7 40. Qb8+ Kg7 41. Kf3 Rh5 42. g4 Rh8 43. Kg2 Rxb8 0-1


[Site "https://www.chess.com"]

[Event "Titled Tuesday Blitz July 05 Late 2022"]
[White "Domingo Nunez, Alejandro"]
[Black "Hansen, Eric"]
[WhiteFideId "22245561"]
[BlackFideId "2606771"]
[WhiteElo "2222"]
[BlackElo "2568"]
[Result "0-1"]
[Round "08"]
[TimeControl "180+1"]
[Date "2022.07.05"]
[WhiteClock "0:00:51"]
[BlackClock "0:01:24"]

1. Nf3 g6 2. d4 Bg7 3. b3 Nf6 4. Bb2 c5 5. d5 O-O 6. c4 b5 7. cxb5 Qa5+ 8. Nbd2 Nxd5 9. Bxg7 Kxg7 10. e4 Nf4 11. Qc2 d6 12. Bc4 a6 13. bxa6 Nxg2+ 14. Kf1 Bh3 15. Kg1 Nf4 16. Bf1 Nc6 17. Nc4 Qxa6 18. Qd2 Bxf1 19. Rxf1 Ne6 20. h4 Qxa2 21. Qc3+ f6 22. Ng5 Ned4 23. Qh3 Ne2+ 24. Kh2 fxg5 25. hxg5 Nf4 26. Qh6+ Kg8 27. Ne3 Qe2 28. Kg1 Rf7 29. Rh4 Ne5 30. Kh1 Qf3+ 31. Kh2 Ra2 0-1


[Site "https://www.chess.com"]

[Event "Titled Tuesday Blitz July 05 Late 2022"]
[White "Dubov, Daniil"]
[Black "Oparin, Grigoriy"]
[WhiteFideId "24126055"]
[BlackFideId "24125890"]
[WhiteElo "2791"]
[BlackElo "2639"]
[Result "1-0"]
[Round "08"]
[TimeControl "180+1"]
[Date "2022.07.05"]
[WhiteClock "0:00:48"]
[BlackClock "0:00:08"]

1. c4 e5 2. g3 Nf6 3. Bg2 Bc5 4. Nc3 O-O 5. Nf3 Re8 6. O-O c6 7. Nxe5 Rxe5 8. d4 Bxd4 9. Qxd4 Re6 10. Bf4 Na6 11. Rad1 Qb6 12. Qd2 Nc5 13. Qd4 Na6 14. Qxb6 axb6 15. Na4 c5 16. Bh3 Rc6 17. Bg2 Re6 18. Bd6 Ne8 19. Nxb6 Nxd6 20. Nxa8 Nf5 21. e3 g6 22. a3 h5 23. h4 Kf8 24. Rd3 Ke7 25. Rb3 Kd8 26. Rd1 Ne7 27. Bxb7 Bxb7 28. Rxb7 d6 1-0


[Site "https://www.chess.com"]

[Event "Titled Tuesday Blitz July 05 Late 2022"]
[White "Eljanov, Pavel"]
[Black "Jaracz, Pawel"]
[WhiteFideId "14102951"]
[BlackFideId "1102222"]
[WhiteElo "2601"]
[BlackElo "2459"]
[Result "1/2-1/2"]
[Round "08"]
[TimeControl "180+1"]
[Date "2022.07.05"]
[WhiteClock "0:00:20"]
[BlackClock "0:00:05"]

1. e4 c5 2. Nf3 d6 3. Bb5+ Nd7 4. Ba4 Nf6 5. O-O g6 6. Re1 Bg7 7. c3 O-O 8. d4 e5 9. dxe5 Nxe5 10. Nxe5 dxe5 11. Qe2 a6 12. c4 Nh5 13. Rd1 Qh4 14. g3 Qh3 15. Nc3 f5 16. Bd7 Bxd7 17. Rxd7 Nf6 18. Rd3 Rad8 19. Rxd8 Rxd8 20. Bg5 Rd4 21. f3 Bh6 22. Bxh6 Qxh6 23. Rd1 fxe4 24. fxe4 Rxd1+ 25. Qxd1 Qe3+ 26. Kg2 Kg7 27. Qc2 h5 28. Qf2 Qd3 29. Qxc5 Ng4 30. Qe7+ Kg8 31. Qe6+ Kg7 32. Qe7+ Kg8 33. Kh3 Qd2 34. Kh4 Nh6 35. h3 Nf7 36. Nd5 Qe2 37. Nf6+ Kg7 38. Ne8+ Kg8 39. Nf6+ Kg7 40. Ne8+ Kg8 41. Nf6+ 1/2-1/2


[Site "https://www.chess.com"]

[Event "Titled Tuesday Blitz July 05 Late 2022"]
[White "Fedoseev, Vladimir"]
[Black "Bluebaum, Matthias"]
[WhiteFideId "24130737"]
[BlackFideId "24651516"]
[WhiteElo "2726"]
[BlackElo "2556"]
[Result "1-0"]
[Round "08"]
[TimeControl "180+1"]
[Date "2022.07.05"]
[WhiteClock "0:01:02"]
[BlackClock "0:01:03"]

1. d4 Nf6 2. c4 e6 3. Nf3 d5 4. g3 Bb4+ 5. Bd2 a5 6. Qc2 O-O 7. Bg2 dxc4 8. Qxc4 b6 9. Bxb4 Ba6 10. Qb3 axb4 11. Qxb4 c5 12. Qd2 Nc6 13. dxc5 bxc5 14. O-O Qb6 15. Nc3 Rad8 16. Qc1 Nd4 17. Re1 Qa5 18. Ne5 Qc7 19. Nf3 Rd7 20. e3 Nxf3+ 21. Bxf3 Rfd8 22. Na4 c4 23. b4 cxb3 24. axb3 Rb8 25. Nc5 Bb5 26. Nxd7 Qxd7 27. Rd1 Qe7 28. Qc3 h5 29. Qe5 Rb6 30. Ra8+ Kh7 31. Rdd8 Bc6 32. Rh8+ Kg6 33. Bxh5+ Nxh5 34. Qxh5+ Kf6 35. Qh4+ g5 36. Qd4+ e5 37. Qxb6 Qc5 1-0


[Site "https://www.chess.com"]

[Event "Titled Tuesday Blitz July 05 Late 2022"]
[White "Fishbein, Alexander"]
[Black "Jaskolka, Tomasz"]
[WhiteFideId "2000377"]
[BlackFideId "1170791"]
[WhiteElo "2410"]
[BlackElo "2073"]
[Result "1-0"]
[Round "08"]
[TimeControl "180+1"]
[Date "2022.07.06"]
[WhiteClock "0:00:18"]
[BlackClock "0:00:09"]

1. e4 c5 2. Nf3 e6 3. d4 cxd4 4. Nxd4 Nc6 5. Nc3 Qc7 6. g3 a6 7. Bg2 Nf6 8. O-O Nxd4 9. Qxd4 Bc5 10. Bf4 d6 11. Qd2 h6 12. Rad1 e5 13. Be3 Bb4 14. Nb5 axb5 15. Qxb4 Rxa2 16. Rxd6 O-O 17. Rd2 Be6 18. Rfd1 Qc4 19. Qxc4 bxc4 20. c3 Rfa8 21. Bc5 Ra1 22. f3 R8a2 23. Rxa1 Rxa1+ 24. Kf2 Nd7 25. Ba3 f6 26. Bf1 b5 27. f4 exf4 28. gxf4 f5 29. exf5 Bxf5 30. Rd5 Be6 31. Rxb5 Nf6 32. Rb8+ Kf7 33. Rb7+ Kg6 34. Rb6 Bd5 35. Be2 Kf5 36. Ke3 Bf7 37. Kd4 Re1 38. Bf3 Kxf4 39. Bc6 Rd1+ 40. Kc5 Bd5 41. Bb5 Bf7 42. Rb7 Rd5+ 43. Kb4 Be6 44. Bxc4 Re5 45. Bxe6 Rxe6 46. c4 g5 47. b3 Re2 48. Rf7 Ke5 49. Re7+ Kf4 50. Rxe2 g4 51. Re6 Ne4 52. Rxe4+ Kxe4 53. Kc3 h5 54. Bd6 h4 55. b4 Kf3 56. b5 g3 57. hxg3 h3 58. g4 Kxg4 59. b6 Kf5 60. Bh2 Ke6 61. b7 Kd7 62. b8=Q Kc6 63. Qd6+ Kb7 64. Kb4 Ka8 65. Kb5 Kb7 66. Qd7+ Ka8 67. Qc6+ Ka7 68. Qa6# 1-0


[Site "https://www.chess.com"]

[Event "Titled Tuesday Blitz July 05 Late 2022"]
[White "Goncalves, Davi Sulzbacher"]
[Black "Melikyan, Gnel"]
[WhiteFideId "2154510"]
[BlackFideId "54109990"]
[WhiteElo "2107"]
[BlackElo "1772"]
[Result "0-1"]
[Round "08"]
[TimeControl "180+1"]
[Date "2022.07.06"]
[WhiteClock "0:00:01"]
[BlackClock "0:01:04"]

1. e4 e5 2. Nf3 Nc6 3. d4 exd4 4. Nxd4 Nf6 5. Nc3 Bb4 6. Nxc6 dxc6 7. Bd3 Bg4 8. f3 Bh5 9. O-O h6 10. Be3 Qe7 11. Ne2 O-O 12. Nf4 Bc5 13. Qe2 Nd5 14. Nxd5 cxd5 15. Bxc5 Qxc5+ 16. Qf2 Qxf2+ 17. Kxf2 dxe4 18. Bxe4 c6 19. Rad1 Rfd8 20. g4 Bg6 21. Bxg6 fxg6 22. Ke3 g5 23. Rfe1 Kf7 24. c4 Re8+ 25. Kf2 Rad8 26. Rxe8 Rxd1 27. Re2 Kf6 28. b3 g6 29. Ke3 Ke5 30. Kf2+ Kd6 31. Kg3 h5 32. h4 hxg4 33. hxg5 Rg1+ 34. Kf2 Rh1 35. fxg4 Rh2+ 36. Kf3 Rxe2 37. Kxe2 Ke5 38. Ke3 c5 39. Kf3 Kd4 40. Kf4 a6 41. Kf3 b5 42. cxb5 axb5 43. a4 c4 44. a5 cxb3 0-1


[Site "https://www.chess.com"]

[Event "Titled Tuesday Blitz July 05 Late 2022"]
[White "Gong, Patrick"]
[Black "Dauner, Benedikt"]
[WhiteFideId "3222500"]
[BlackFideId "16225899"]
[WhiteElo "2103"]
[BlackElo "2230"]
[Result "1-0"]
[Round "08"]
[TimeControl "180+1"]
[Date "2022.07.05"]
[WhiteClock "0:00:14"]
[BlackClock "0:00:03"]

1. g3 Nc6 2. Bg2 Nf6 3. d3 d5 4. a3 Bf5 5. b4 e6 6. Bb2 a5 7. b5 Na7 8. a4 Nc8 9. Nd2 h6 10. c4 Bb4 11. Rc1 Qe7 12. Nf3 O-O 13. O-O Nb6 14. Ne5 Rfd8 15. cxd5 exd5 16. Ndf3 Rac8 17. Qb3 Be6 18. Bd4 Nbd7 19. Rc2 Nxe5 20. Nxe5 Nd7 21. Nxd7 Qxd7 22. Rfc1 c6 23. Bb6 Re8 24. bxc6 Rxc6 25. Rxc6 bxc6 26. Qc2 Rc8 27. Bc5 Bh3 28. Bh1 Qe6 29. d4 Bf5 30. Qd1 Be4 31. Bxe4 Qxe4 32. e3 Qe6 33. Qd3 Qd7 34. Qa6 Rb8 35. Rb1 Qb7 36. Qxb7 Rxb7 37. Kf1 f6 38. Ke2 Kf7 39. Rc1 Ke6 40. Bxb4 axb4 41. Rxc6+ Kd7 42. Rc2 b3 43. Rb2 Rb4 44. Kd3 Ke6 45. Kc3 Rxa4 46. Kxb3 Ra1 47. Kc3 Rh1 48. h4 Kf5 49. Kd3 Kg4 50. Rb7 Kf3 51. Rxg7 Kxf2 52. Rg6 Rd1+ 53. Kc2 Ra1 54. Rxf6+ Kxe3 55. Rxh6 Kxd4 56. g4 Rg1 57. g5 Rg2+ 58. Kb3 Kd3 59. Rf6 d4 60. Re6 Kd2 61. g6 d3 62. h5 Rh2 63. g7 Rg2 64. Rg6 Kc1 65. g8=Q d2 66. Qc4+ Kd1 67. Qf1# 1-0


[Site "https://www.chess.com"]

[Event "Titled Tuesday Blitz July 05 Late 2022"]
[White "Idani, Pouya"]
[Black "Ferreira, Vitor Hugo Vieira"]
[WhiteFideId "12510130"]
[BlackFideId "2119765"]
[WhiteElo "2610"]
[BlackElo "2168"]
[Result "1-0"]
[Round "08"]
[TimeControl "180+1"]
[Date "2022.07.05"]
[WhiteClock "0:00:08"]
[BlackClock "0:00:09"]

1. e4 c5 2. Nf3 d6 3. d4 cxd4 4. Nxd4 Nf6 5. Nc3 a6 6. h3 e5 7. Nde2 h5 8. Bg5 Be6 9. Bxf6 Qxf6 10. Nd5 Qd8 11. Qd3 Nd7 12. O-O-O g6 13. Kb1 Bg7 14. Qa3 Nc5 15. Nec3 O-O 16. h4 b5 17. f3 f5 18. b4 Na4 19. Nxa4 bxa4 20. Qxa4 fxe4 21. fxe4 Rf2 22. Bc4 Rc8 23. Bb3 Kh8 24. Qxa6 Ra8 25. Qb6 Qf8 26. g3 Rb8 27. Qa5 Ra8 28. Qb5 Rb8 29. Qc4 Rc8 30. Qd3 Rf3 31. Rhf1 Rxf1 32. Rxf1 Qd8 33. a3 g5 34. Ne3 Bh3 35. Rh1 g4 36. Nf5 Qf6 37. Qxd6 Qxd6 38. Nxd6 Rc6 39. Nf7+ Kh7 40. Ng5+ Kg6 41. Nxh3 gxh3 42. Rxh3 Rc3 43. Kb2 Re3 44. Bd5 Bh6 45. Rh1 Rxg3 46. a4 Be3 47. c3 Bd2 48. b5 Bxc3+ 49. Kc2 Bd4 50. Rb1 Rc3+ 51. Kd2 Ra3 52. b6 Bxb6 53. Rxb6+ Kg7 54. Bb3 Rxb3 55. Rxb3 Kf6 56. a5 Ke6 57. a6 1-0


[Site "https://www.chess.com"]

[Event "Titled Tuesday Blitz July 05 Late 2022"]
[White "Janaszak, Dawid"]
[Black "Averjanov, Alexey"]
[WhiteFideId "1119206"]
[BlackFideId "14109867"]
[WhiteElo "2199"]
[BlackElo "2694"]
[Result "1-0"]
[Round "08"]
[TimeControl "180+1"]
[Date "2022.07.05"]
[WhiteClock "0:01:19"]
[BlackClock "0:01:41"]

1. d4 d5 2. Bf4 Nf6 3. Nf3 e6 4. e3 c5 5. Nbd2 Bd6 6. Bb5+ Nc6 7. Bxc6+ bxc6 8. Bxd6 Qxd6 9. c3 O-O 10. Qa4 cxd4 11. exd4 c5 12. Qa3 Rb8 13. Nb3 Ne4 14. Nxc5 Nxc5 15. dxc5 Qf4 16. O-O a5 17. Rfe1 a4 18. b4 axb3 19. axb3 Bd7 20. Ne5 Bb5 21. c6 Rfc8 22. Nd7 Bxc6 23. Nxb8 Rxb8 24. g3 Qf6 25. Qd6 e5 26. Qxb8+ 1-0


[Site "https://www.chess.com"]

[Event "Titled Tuesday Blitz July 05 Late 2022"]
[White "Jorajuria Mendoza, Algol"]
[Black "Leve, Nitai"]
[WhiteFideId "5128897"]
[BlackFideId "2006898"]
[WhiteElo "1600"]
[BlackElo "2144"]
[Result "1/2-1/2"]
[Round "08"]
[TimeControl "180+1"]
[Date "2022.07.06"]
[WhiteClock "0:00:04"]
[BlackClock "0:00:10"]

1. e4 e6 2. d4 d5 3. Nc3 Nf6 4. e5 Nfd7 5. Nce2 c5 6. c3 Nc6 7. Nf3 b5 8. Nf4 b4 9. h4 bxc3 10. bxc3 Qb6 11. Be2 cxd4 12. cxd4 Bb4+ 13. Kf1 Bc3 14. Ba3 Bxa1 15. Qxa1 Rb8 16. Bd3 Ba6 17. Ke2 Bxd3+ 18. Nxd3 Na5 19. Bd6 Rb7 20. Qc3 Nc4 21. Bb4 a5 22. Bc5 Nxc5 23. dxc5 Qb5 24. Nd4 Qa6 25. c6 Rc7 26. Rb1 O-O 27. Nc5 Qa7 28. Rb5 Nxe5 29. Rxa5 Qb6 30. Rb5 Qa7 31. Ra5 Qb8 32. Rb5 Qc8 33. Ndxe6 fxe6 34. Qxe5 Rxc6 35. Qd4 e5 36. Qxd5+ Kh8 37. Ne4 Rd8 38. Qxe5 Rc2+ 39. Kf3 Rf8+ 40. Kg3 Re2 41. f3 Qd7 42. Rd5 Qf7 43. Ng5 Rxe5 44. Nxf7+ Rxf7 45. Rxe5 Rf8 46. a4 h6 47. a5 Ra8 48. Kg4 Kh7 49. Kf5 h5 50. Ke6 Kg6 51. Kd7 Kf6 52. Rb5 Ra6 53. Kc7 g5 54. hxg5+ Kg6 55. Kb7 Re6 56. a6 Re7+ 57. Kc8 Re8+ 58. Kd7 Ra8 59. Rb6+ Kxg5 60. Kc7 Kf4 61. Kb7 Rg8 62. a7 Rg7+ 63. Ka6 Rxg2 64. Rb4+ Kxf3 65. Ra4 Rg8 66. Kb7 Rg7+ 67. Kb8 Kg3 68. a8=Q Rg8+ 69. Kc7 Rxa8 70. Rxa8 h4 71. Rg8+ Kf2 72. Kd6 h3 73. Ke5 h2 74. Rh8 Kg2 75. Rxh2+ Kxh2 1/2-1/2


[Site "https://www.chess.com"]

[Event "Titled Tuesday Blitz July 05 Late 2022"]
[White "Kamsky, Gata"]
[Black "Cardoso Cardoso, Jose Gabriel"]
[WhiteFideId "2000024"]
[BlackFideId "4430492"]
[WhiteElo "2645"]
[BlackElo "2485"]
[Result "1-0"]
[Round "08"]
[TimeControl "180+1"]
[Date "2022.07.05"]
[WhiteClock "0:00:11"]
[BlackClock "0:00:04"]

1. d4 d5 2. Bf4 Nf6 3. e3 g6 4. Nf3 Bg7 5. Nbd2 O-O 6. c3 c5 7. h3 Nc6 8. dxc5 b6 9. Bb5 Bb7 10. Qa4 Nd7 11. cxb6 Nc5 12. Qc2 Qxb6 13. a4 Ba6 14. b4 Ne4 15. Bxa6 Bxc3 16. Rb1 Nxb4 17. Rxb4 Qxb4 18. Ke2 Qa5 19. Bb7 Rad8 20. Nxe4 dxe4 21. Bxe4 e5 22. Bh6 Rfe8 23. Rd1 Qa6+ 24. Bd3 Qa5 25. Bc4 Rxd1 26. Qxd1 Qb4 27. Qb3 Qxb3 28. Bxb3 Rb8 29. Bd5 Rb2+ 30. Kd3 Ba5 31. Nxe5 Rxf2 32. Bf4 Kg7 33. Nxf7 h6 34. Bxh6+ Kh7 35. Bf4 Rd2+ 36. Ke4 Kg7 37. Be5+ Kf8 38. Bd4 Bb6 39. Ng5 Bxd4 40. Ne6+ Ke7 41. Nxd4 Rxg2 42. Ke5 Rg5+ 43. Ke4 Rh5 44. Be6 Kf6 45. Kd3 Ra5 46. Bd7 Rd5 47. Bg4 Ra5 48. Bd1 Rg5 49. Nc6 a6 50. Kd4 Rg1 51. Bg4 Rc1 52. Kd5 Ra1 53. a5 Ra3 54. e4 Rd3+ 55. Kc4 Rd1 56. e5+ Kf7 57. e6+ Ke8 58. Kc5 Rb1 59. Kd6 Rb2 60. Kc7 Rc2 61. e7 Ra2 62. Bd7+ Kf7 63. e8=Q+ Kf6 64. Qe6+ Kg5 65. Qxa2 1-0


[Site "https://www.chess.com"]

[Event "Titled Tuesday Blitz July 05 Late 2022"]
[White "Kovacevic, Radmila"]
[Black "Derraugh, Geordie"]
[WhiteFideId "933171"]
[BlackFideId "2603950"]
[WhiteElo "2157"]
[BlackElo "2116"]
[Result "0-1"]
[Round "08"]
[TimeControl "180+1"]
[Date "2022.07.06"]
[WhiteClock "0:00:02"]
[BlackClock "0:00:24"]

1. e4 c5 2. Nf3 d6 3. d4 cxd4 4. Nxd4 Nf6 5. Nc3 a6 6. Rg1 h5 7. h3 h4 8. Bg5 Qa5 9. Qd2 Nc6 10. Nb3 Qb4 11. a3 Qb6 12. Nd5 Nxd5 13. exd5 Ne5 14. O-O-O Bxh3 15. Be3 Qc7 16. gxh3 Nf3 17. Qb4 Nxg1 18. Bb6 Qd7 19. Nd4 Nxh3 20. Ne6 fxe6 21. Bxh3 Qb5 22. Bxe6 Qxb4 23. axb4 h3 24. Rh1 h2 25. Kd2 g6 26. Ke2 Bg7 27. c3 Be5 28. Ke3 g5 29. Kf3 Rh4 30. Kg2 Kf8 31. Be3 Rh7 32. Kf3 Bf6 33. Kg2 Be5 34. Kf3 Kg7 35. Bxg5 Rf8+ 36. Ke2 Rh5 37. Bxe7 Rfh8 38. Ke3 Kg6 39. f4 Bf6 40. Ke4 Bxe7 0-1


[Site "https://www.chess.com"]

[Event "Titled Tuesday Blitz July 05 Late 2022"]
[White "Krstulovic, Alex"]
[Black "Kosteniuk, Alexandra"]
[WhiteFideId "760056"]
[BlackFideId "4128125"]
[WhiteElo "2244"]
[BlackElo "2469"]
[Result "0-1"]
[Round "08"]
[TimeControl "180+1"]
[Date "2022.07.05"]
[WhiteClock "0:00:01"]
[BlackClock "0:00:43"]

1. e4 c6 2. d4 d5 3. e5 c5 4. dxc5 e6 5. a3 Bxc5 6. b4 Bb6 7. Qg4 Ne7 8. Nf3 Ng6 9. h4 h5 10. Qg3 Nc6 11. Bd3 Nce7 12. Bg5 Qc7 13. Bxe7 Nxe7 14. Qxg7 Rg8 15. Qh7 Rxg2 16. Qh8+ Kd7 17. Bb5+ Nc6 18. Qxh5 Qd8 19. Nc3 Qg8 20. O-O-O Kc7 21. Ng5 Rxf2 22. Bd3 Qg7 23. Rhe1 a5 24. Nb5+ Kb8 25. Nd6 Nxe5 26. Kb1 axb4 27. Ne8 Qf8 28. Rxe5 Qxe8 0-1


[Site "https://www.chess.com"]

[Event "Titled Tuesday Blitz July 05 Late 2022"]
[White "Ladan, Nicholas"]
[Black "Przybylski, Wojciech"]
[WhiteFideId "30918855"]
[BlackFideId "1117599"]
[WhiteElo "2167"]
[BlackElo "2133"]
[Result "1-0"]
[Round "08"]
[TimeControl "180+1"]
[Date "2022.07.06"]
[WhiteClock "0:00:11"]
[BlackClock "0:00:07"]

1. d4 d5 2. c4 c6 3. Nf3 Nf6 4. g3 Bg4 5. Ne5 Bf5 6. cxd5 Qxd5 7. f3 Nbd7 8. Nc3 Qa5 9. Nc4 Qd8 10. e4 Bg6 11. Qb3 Nb6 12. Ne5 Qxd4 13. Bf4 e6 14. Rd1 Qb4 15. Qc2 Be7 16. a3 Qa5 17. Be2 O-O 18. O-O Rad8 19. Ra1 Nbd7 20. Nc4 Qh5 21. g4 Qh3 22. Rf2 Bc5 23. Bf1 Qh4 24. Bg3 Qh6 25. h4 Bxf2+ 26. Qxf2 Bxe4 27. fxe4 Nxg4 28. Qf3 Qg6 29. Ne3 Nde5 30. Qf4 Nxe3 31. Qxe3 Rd2 32. Bg2 Rxb2 33. Nd1 Ng4 34. Qf4 Nf6 35. Nxb2 Nh5 36. Qf3 Nxg3 37. Re1 Nh5 38. Nc4 Nf6 39. Ne5 Qh6 40. Ng4 Qd2 41. Rf1 Qd4+ 42. Kh1 Nxg4 43. Qxg4 Qe5 44. Rf3 h6 45. Rg3 Rd8 46. Kh2 Rd3 47. Kh3 Rd4 48. Rf3 Rd2 49. Qg3 Qd4 50. Rf4 Qe5 51. Rg4 Qxg3+ 52. Rxg3 Ra2 53. e5 Kf8 54. Rb3 Ke8 55. Rxb7 Rxa3+ 56. Kg4 Rc3 57. Be4 Rc4 58. Kf4 f5 59. exf6 gxf6 60. Ke3 f5 61. Bf3 e5 62. Rxa7 e4 63. Be2 Rc3+ 64. Kf4 Rc2 65. Bh5+ Kd8 66. Kxf5 e3 67. Ra3 Rf2+ 68. Kg6 e2 69. Re3 Rg2+ 70. Kxh6 Kd7 71. Rxe2 Rg3 72. Bg6 Kd6 73. h5 c5 74. Kg7 c4 75. h6 c3 76. h7 Rh3 77. h8=Q Rxh8 78. Kxh8 Kd5 79. Rc2 Kd4 80. Kg7 Kc4 81. Kf6 Kb3 82. Ke5 Kc4 83. Ke4 Kb4 84. Kd3 Kb3 85. Rxc3+ Kb2 86. Bf7 Ka1 87. Rc2 Kb1 88. Kc3 Ka1 89. Kb3 Kb1 90. Bg6 Ka1 91. Rc1# 1-0


[Site "https://www.chess.com"]

[Event "Titled Tuesday Blitz July 05 Late 2022"]
[White "Lashkin, Jegor"]
[Black "Tanenbaum, Zachary"]
[WhiteFideId "13907808"]
[BlackFideId "2060850"]
[WhiteElo "2368"]
[BlackElo "2175"]
[Result "1-0"]
[Round "08"]
[TimeControl "180+1"]
[Date "2022.07.05"]
[WhiteClock "0:00:32"]
[BlackClock "0:00:35"]

1. d4 d5 2. c4 dxc4 3. Nf3 a6 4. e3 Nf6 5. Bxc4 e6 6. O-O c5 7. b3 Nc6 8. Bb2 cxd4 9. Nxd4 Bd7 10. Nd2 Nxd4 11. Bxd4 Bc6 12. Be2 Be7 13. Bf3 Bxf3 14. Qxf3 Qd5 15. Rac1 Qxf3 16. Nxf3 Bd6 17. Rfd1 Ke7 18. Kf1 Rac8 19. Ke2 Ba3 20. Rxc8 Rxc8 21. Ne1 Bb4 22. Bb2 Bxe1 23. Kxe1 Rc2 24. Rd2 Rxd2 25. Kxd2 g6 26. f3 Nd7 27. e4 e5 28. Kd3 b5 29. Ba3+ Kd8 30. Bd6 Kc8 31. g3 Kb7 32. f4 f6 33. Be7 Kc6 34. Ke3 h5 35. h4 Kc7 36. f5 gxf5 37. exf5 Nb6 38. Ke4 Nd7 39. Kd5 Nb6+ 40. Ke6 e4 41. Bxf6 e3 42. Bc3 e2 43. f6 Nd7 44. f7 Nf8+ 45. Ke7 Ng6+ 46. Ke8 Kd6 47. f8=Q+ Nxf8 48. Kxf8 Ke6 49. Be1 Kf6 50. a4 bxa4 51. bxa4 Kf5 52. Kf7 Kg4 53. Kg6 1-0


[Site "https://www.chess.com"]

[Event "Titled Tuesday Blitz July 05 Late 2022"]
[White "Leisch, Lukas"]
[Black "Ladopoulos, Dimitrios"]
[WhiteFideId "1632094"]
[BlackFideId "4239580"]
[WhiteElo "2216"]
[BlackElo "2195"]
[Result "0-1"]
[Round "08"]
[TimeControl "180+1"]
[Date "2022.07.06"]
[WhiteClock "0:00:04"]
[BlackClock "0:00:07"]

1. Nf3 Nf6 2. b3 g6 3. Bb2 Bg7 4. e3 O-O 5. Be2 c5 6. c4 Nc6 7. O-O b6 8. d4 cxd4 9. Nxd4 Bb7 10. Nd2 Rc8 11. Rc1 d5 12. Nxc6 Bxc6 13. cxd5 Bxd5 14. Rxc8 Qxc8 15. Qc1 Qb7 16. Bf3 Rc8 17. Qa1 Rc2 18. Bxd5 Qxd5 19. Nf3 Qa5 20. Rd1 b5 21. Nd4 Rc8 22. Nf3 h6 23. h3 Qb6 24. Bd4 Qb7 25. Qb2 a5 26. a3 Qe4 27. Qd2 a4 28. bxa4 bxa4 29. Qb4 Qc2 30. Rf1 e6 31. Qb2 Qxb2 32. Bxb2 Rc2 33. Rb1 Ne4 34. Bxg7 Kxg7 35. Rb4 Nc3 36. Nd4 Ra2 37. Rb7 Kf6 38. Nc6 Rxa3 39. Nd8 Ra1+ 40. Kh2 a3 41. f4 g5 42. Rxf7+ Kg6 43. g4 gxf4 44. exf4 Rf1 45. Kg2 a2 46. f5+ exf5 47. gxf5+ Kh5 48. Kxf1 a1=Q+ 49. Kg2 Qb2+ 50. Kg3 Ne2+ 51. Kf3 Nd4+ 52. Kg3 Qc3+ 53. Kh2 Qd2+ 54. Kh1 Qe1+ 55. Kg2 Qe2+ 56. Kh1 Qf3+ 57. Kg1 Ne2+ 58. Kh2 Qg3+ 59. Kh1 Qg1# 0-1


[Site "https://www.chess.com"]

[Event "Titled Tuesday Blitz July 05 Late 2022"]
[White "Leiva, Gianmarco"]
[Black "Skytte, Rasmus"]
[WhiteFideId "3804399"]
[BlackFideId "1404210"]
[WhiteElo "2323"]
[BlackElo "2430"]
[Result "1-0"]
[Round "08"]
[TimeControl "180+1"]
[Date "2022.07.05"]
[WhiteClock "0:00:08"]
[BlackClock "0:00:43"]

1. e4 d5 2. exd5 Qxd5 3. Nc3 Qa5 4. Bc4 Nf6 5. d3 c6 6. Bd2 Qc7 7. Qe2 Bf5 8. Nf3 Nbd7 9. Nh4 Bg6 10. h3 O-O-O 11. O-O-O e6 12. Rhe1 Nd5 13. Nxg6 hxg6 14. Ne4 N7f6 15. Ng5 Bc5 16. Qf3 Rh4 17. Bb3 Bd6 18. Kb1 Rh5 19. g3 Rdh8 20. h4 Re8 21. d4 Ne7 22. Nxf7 Nf5 23. Nxd6+ Qxd6 24. c3 Rhh8 25. Bf4 Qd7 26. Re2 Rhf8 27. Be5 Nd5 28. Qe4 b6 29. Bc2 Kb7 30. Rh1 Nf6 31. Qf3 Qd5 32. Qxd5 Nxd5 33. g4 Nfe7 34. Bxg7 Rf4 35. h5 Rxg4 36. h6 Nf4 37. Re4 Nf5 38. Be5 Nxh6 39. Rxf4 Rxf4 40. Bxf4 Nf5 41. Rh7+ Ka6 42. Be4 Rc8 43. a4 b5 44. axb5+ Kxb5 45. Rxa7 Kb6 46. Rf7 Rh8 47. Rf6 Rh4 48. Bxf5 Rxf4 49. Rxg6 exf5 50. d5 Rxf2 51. Rxc6+ Kb7 52. c4 Rd2 53. Kc1 Rd4 54. Kc2 Rh4 55. Kc3 Rh2 56. b4 Rh8 57. Rf6 Rh5 58. Kd4 Kc7 59. Rf7+ Kd8 60. Kc5 Ke8 61. Rf6 Ke7 62. Re6+ Kf7 63. b5 f4 64. Re1 Rh8 65. b6 Rc8+ 66. Kb5 Kf6 67. b7 Rb8 68. Kc6 Kf5 69. Kc7 Rh8 70. b8=Q Rh7+ 71. Kc6 1-0


[Site "https://www.chess.com"]

[Event "Titled Tuesday Blitz July 05 Late 2022"]
[White "Maghsoodloo, Parham"]
[Black "Raja Rithvik R"]
[WhiteFideId "12539929"]
[BlackFideId "35007394"]
[WhiteElo "2607"]
[BlackElo "2255"]
[Result "1-0"]
[Round "08"]
[TimeControl "180+1"]
[Date "2022.07.05"]
[WhiteClock "0:00:07"]
[BlackClock "0:00:01"]

1. d4 Nf6 2. c4 e6 3. Nc3 Bb4 4. e3 O-O 5. Bd2 d5 6. Nf3 c5 7. a3 Bxc3 8. Bxc3 Ne4 9. Rc1 Nxc3 10. Rxc3 cxd4 11. Nxd4 dxc4 12. Bxc4 Bd7 13. Qc2 Nc6 14. Nf3 Rc8 15. O-O h6 16. h4 Qf6 17. Qe4 Na5 18. Bd3 g6 19. Ne5 Rxc3 20. Nxd7 Qd8 21. Bb5 Rc7 22. Nxf8 Qxf8 23. b4 Nc6 24. Rc1 Qd6 25. h5 g5 26. Bd3 f5 27. Qc4 Rc8 28. Bxf5 Kf7 29. Bg6+ Kg7 30. Qc3+ e5 31. Bf5 Rf8 32. Be4 Rc8 33. Qc5 Qe6 34. Qd5 Qe7 35. Bb1 Nxb4 36. Qd2 Rxc1+ 37. Qxc1 Nd5 38. Qc2 Kf8 39. Qf5+ Nf6 40. Qc8+ Kg7 41. Bg6 b6 42. a4 e4 43. g4 Qd7 44. Qxd7+ Nxd7 45. Bxe4 Nc5 46. Bc6 Kf6 47. Kg2 Ke5 48. Kg3 Kd6 49. Be8 Ke7 50. Bb5 a6 51. Be2 Kd6 52. f4 Ne4+ 53. Kf3 Nd2+ 54. Kg2 gxf4 55. exf4 Ne4 56. Bxa6 Nc3 57. Bb5 Nd5 58. Kf3 Ke7 59. g5 Kf8 60. Bc4 Nc3 61. Bb3 Kg7 62. Ke3 1-0


[Site "https://www.chess.com"]

[Event "Titled Tuesday Blitz July 05 Late 2022"]
[White "Makarian, Rudik"]
[Black "Veiga, Jose Francisco R P Neves"]
[WhiteFideId "44105681"]
[BlackFideId "1930087"]
[WhiteElo "2403"]
[BlackElo "2288"]
[Result "1-0"]
[Round "08"]
[TimeControl "180+1"]
[Date "2022.07.05"]
[WhiteClock "0:00:59"]
[BlackClock "0:00:01"]

1. d4 Nf6 2. Bg5 d5 3. Bxf6 gxf6 4. e3 c5 5. Nf3 Nc6 6. c3 e6 7. Nbd2 Bd6 8. g3 f5 9. Bg2 Qf6 10. a3 a5 11. a4 cxd4 12. exd4 f4 13. Qe2 b6 14. Qb5 Kd7 15. Nc4 Ba6 16. Nxb6+ Kc7 17. Nxa8+ Rxa8 18. Qb3 Rb8 19. Qc2 Kb7 20. Bf1 fxg3 21. Bxa6+ Kxa6 22. Qe2+ Ka7 23. fxg3 Rxb2 24. Qxb2 Qxf3 25. Rf1 Qe3+ 26. Kd1 Qd3+ 27. Ke1 Qe3+ 28. Qe2 Qxc3+ 29. Kf2 Nxd4 30. Qe3 Qb2+ 31. Kg1 Bc5 32. Kh1 f5 33. Rab1 Qa2 34. Qe5 Nf3 35. Qb8+ Ka6 36. Qb7# 1-0


[Site "https://www.chess.com"]